 Dungeon Crawl Stone Soup version 0.27.0-1-g7a089689b8 (webtiles) character file.

Game seed: 7798052137413536648

148109 MajorAdolf the Tainter (level 17, -13/158 HPs)
             Began as a Naga Wanderer on Aug 9, 2021.
             Was an Initiate of Gozag.
             Killed from afar by Nikola (89 damage)
             ... with an arc of chain lightning
             ... on level 2 of the Spider Nest on Aug 10, 2021.
             The game lasted 01:34:47 (40977 turns).

MajorAdolf the Tainter (Naga Wanderer)             Turns: 40977, Time: 01:34:47

Health: -13/158    AC: 24    Str: 25    XL:     17   Next: 48%
Magic:  1/31       EV: 11    Int: 23    God:    Gozag
Gold:   1768       SH: 11    Dex: 15    Spells: 26/36 levels left

rFire    + . .     SeeInvis +   r - +9 dagger (elec)
rCold    . . .     Faith    .   m - +0 buckler of Grot {Rampage}
rNeg     . . .     Spirit   .   a - +6 chain mail of Agnosticism {Will+ Regen+ rCorr Str-3}
rPois    +         Reflect  +   T - +1 helmet {Int+3}
rElec    .         Harm     .   (no cloak)
rCorr    +         Rampage  +   I - +1 pair of gloves "Mikan" {+Inv Fly Str+8 Int-3}
Will     +++..                  (no barding)
Stlth    ..........             H - amulet of reflection
HPRegen  1.36/turn              t - ring "Gamufonk" {Int+7 Dex+6}
MPRegen  0.22/turn              U - ring of protection from fire

@: radiating poison, flying, very slow
A: AC +5, large, see invisible, deformed body, poison resistance, slowness 2,
spit poison 2, naga tail 2, MP-powered wands, sturdy frame 1
a: Breathe Poison Gas, Renounce Religion, Evoke Invisibility, Potion Petition,
Call Merchant, Bribe Branch


You were on level 2 of the Spider Nest.
You worshipped Gozag.
Gozag was most pleased with you.
You visited 5 branches of the dungeon, and saw 26 of its levels.
You also visited: Gauntlet.

You collected 8326 gold pieces.
You spent 2424 gold pieces at shops.
You paid 4134 gold pieces to Gozag.

Inventory:

Hand Weapons
 h - a +2 dagger of venom
 r - a +9 dagger of electrocution (weapon)
Armour
 a - the +6 chain mail of Agnosticism (worn) {Will+ Regen+ rCorr Str-3}
   (You acquired it on level 8 of the Dungeon)

   Str:       It affects your strength (-3).
   Regen:     It increases your rate of health regeneration.
   rCorr:     It protects you from acid and corrosion.
   Will:      It increases your willpower.
 m - the +0 buckler of Grot (worn) {Rampage}
   (You bought it in a shop on level 14 of the Dungeon)

   Rampage:   It bestows one free step when moving towards enemies.
 I - the +1 pair of gloves "Mikan" (worn) {+Inv Fly Str+8 Int-3}
   (You found it in a Gauntlet)

   Str:       It affects your strength (+8).
   Int:       It affects your intelligence (-3).
   +Inv:      It lets you turn invisible.
   Fly:       It grants you flight.
 P - a +0 tower shield
 Q - the +0 hat "Ylaonlad" {rElec}
   (You found it in a Gauntlet)

   rElec:     It insulates you from electricity.
 T - a +1 helmet of intelligence (worn)
 Z - the +1 pair of gloves of Rainlud {+Inv rN+ Str+3}
   (You found it in a Gauntlet)

   Str:       It affects your strength (+3).
   rN:        It protects you from negative energy.
   +Inv:      It lets you turn invisible.
Magical Staves
 l - a staff of poison
Jewellery
 j - a ring of positive energy
 o - a ring of positive energy
 t - the ring "Gamufonk" (left hand) {Int+7 Dex+6}
   (You found it on level 9 of the Dungeon)

   [ring of dexterity]

   Int:       It affects your intelligence (+7).
   Dex:       It affects your dexterity (+6).
 v - a ring of flight
 A - an amulet of regeneration
 B - a ring of fire
 H - an amulet of reflection (around neck)
 R - a +4 ring of evasion
 U - a ring of protection from fire (right hand)
 V - a ring of protection from cold
Wands
 c - a wand of digging (10)
 i - a wand of polymorph (19)
 w - a wand of flame (69)
 z - a wand of charming (11)
 M - a wand of mindburst (12)
 N - a wand of acid (14)
 W - a wand of iceblast (25)
Scrolls
 b - 10 scrolls of teleportation
 d - 2 scrolls of holy word
 e - a scroll of blinking
 k - 14 scrolls of identify
 p - 4 scrolls of vulnerability
 q - 7 scrolls of fog
 y - a scroll of brand weapon
 E - 3 scrolls of magic mapping
 K - 3 scrolls of enchant armour
 L - a scroll of amnesia
 S - a scroll of summoning
 Y - a scroll of fear
Potions
 f - 3 potions of mutation
 g - a potion of haste
 n - 11 potions of heal wounds
 s - 5 potions of brilliance
 u - 2 potions of magic
 C - 5 potions of might
 D - 2 potions of resistance
 F - a potion of berserk rage
 G - 2 potions of lignification
 J - 10 potions of curing
 X - 2 potions of invisibility
Miscellaneous
 O - a tin of tremorstones (2/2)


   Skills:
 + Level 11.6 Fighting
 - Level 10.0 Short Blades
 + Level 10.6 Armour
 + Level 9.5 Dodging
 - Level 3.0 Stealth
 + Level 6.3 Shields
 + Level 10.1 Spellcasting
 - Level 8.0 Conjurations
 - Level 1.0 Necromancy
 + Level 7.9 Transmutations
 + Level 7.8 Fire Magic
 - Level 8.0 Air Magic
 + Level 12.2 Poison Magic


You had 26 spell levels left.
You knew the following spells:

 Your Spells              Type           Power      Damage    Failure   Level
a - Mephitic Cloud        Conj/Pois/Air  53%        N/A       1%          3
b - Ignite Poison         Fire/Tmut/Pois 53%        N/A       1%          3
c - Olgreb's Toxic Radia  Pois           61%        N/A       1%          4

Your spell library contained the following spells:

 Spells                   Type           Power      Damage    Failure   Level
 Beastly Appendage        Tmut           96%        N/A       1%          1
 Foxfire                  Conj/Fire      100%       2x1d9     1%          1
 Shock                    Conj/Air       100%       1d9       1%          1
 Sting                    Tmut/Pois      100%       1d8       1%          1
 Poisonous Vapours        Pois/Air       100%       N/A       1%          2
 Wereblood                Tmut           48%        N/A       1%          2
 Conjure Flame            Conj/Fire      48%        6-21      1%          3
 Spider Form              Tmut/Pois      27%        N/A       1%          3
 Swiftness                Air            48%        N/A       1%          3
 Airstrike                Air            24%        N/A       7%          4
 Sticky Flame             Conj/Fire      48%        2d7       7%          4
 Inner Flame              Hex/Fire       29%        N/A       11%         3
 Stone Arrow              Conj/Erth      60%        3d10      11%         3
 Animate Skeleton         Necr           32%        N/A       12%         1
 Pain                     Necr           64%        1d7       12%         1
 Blade Hands              Tmut           24%        N/A       19%         5
 Irradiate                Conj/Tmut      24%        3d21      19%         5
 Lightning Bolt           Conj/Air       24%        1d39      19%         5
 Vampiric Draining        Necr           8%         2d7       34%         3
 Fulminant Prism          Conj/Hex       15%        3d11      34%         4
 Ice Form                 Ice/Tmut       29%        N/A       34%         4
 Iskenderun's Mystic Bla  Conj/Tloc      30%        2d8       34%         4
 Summon Lightning Spire   Summ/Air       30%        N/A       34%         4
 Lesser Beckoning         Tloc           5%         N/A       47%         3
 Portal Projectile        Hex/Tloc       22%        N/A       47%         3
 Tukima's Dance           Hex            11%        N/A       47%         3
 Bolt of Magma            Conj/Fire/Erth 18%        4d10      50%         5
 Yara's Violent Unravell  Hex/Tmut       14%        3d7       69%         5
 Cause Fear               Hex            5%         N/A       87%         4
 Passage of Golubria      Tloc           N/A        N/A       87%         4
 Excruciating Wounds      Necr           8%         N/A       97%         5
 Lee's Rapid Deconstruct  Erth           5%         3d7*      99%         5
 Storm Form               Tmut/Air       24%        N/A       99%         7
 Death Channel            Necr           8%         N/A       100%        6
 Malign Gateway           Summ/Tloc      5%         N/A       100%        7
 Ozocubu's Refrigeration  Ice            5%         4d6       100%        7
 Discord                  Hex            5%         N/A       100%        8
 Ignition                 Fire           23%        3d8       100%        8
 Maxwell's Capacitive Co  Air            24%        ∞         100%        8
 Summon Horrible Things   Summ           5%         N/A       100%        8
 Dragon's Call            Summ           5%         N/A       100%        9
 Shatter                  Erth           5%         3d8*      100%        9


Dungeon Overview and Level Annotations

Branches:
Dungeon (15/15)            Temple (1/1) D:6            Lair (6/6) D:8
  Swamp (0/4) Lair:3       Spider (2/4) Lair:3        Slime (0/5) Lair:6
    Orc (2/2) D:12            Elf (0/3) Orc:2        Vaults (0/5) D:14
 Depths (0/5) D:15        Gauntlet (visited)

Altars:
Ashenzari
Cheibriados
Dithmenos
Elyvilon
Fedhas
Gozag
Hepliaklqana
Kikubaaqudgha
Makhleb
Nemelex Xobeh
Okawaru
Qazlal
Ru
Sif Muna
Trog
Uskayaw
Vehumet
Wu Jian
Xom
The Shining One
Beogh
Jiyva

Shops:
D:2 !   D:6 (*   D:11 *   D:14 [   Orc:2 ([*=   Lair:4 *[   Lair:6 ?

Annotations:
D:4 2 runed translucent doors
D:9 exclusion: downstairs
D:11 2 transporters
Spider:2 Nikola


Innate Abilities, Weirdness & Mutations

Your serpentine skin is tough. (AC +5)
You have supernaturally acute eyesight. (SInv)
Armour fits poorly on your strangely shaped body.
Your system is resistant to poisons. (rPois)
You cover ground very slowly.
You can exhale a cloud of poison.
You can use your snake-like lower body to constrict enemies.
You expend magic power (3 MP) to strengthen your wands.
Your movements are slightly less encumbered by armour. (ER -2)


Message History

Confirm with . or Enter, or press ? or * to list all spells.
Your toxic radiance grows in intensity.
Nikola looks even sicker. x2
Nikola is caught in a web!
Unknown command.
Casting: Olgreb's Toxic Radiance (mildly dangerous; 1% risk of failure)
Confirm with . or Enter, or press ? or * to list all spells.
You ignite the poison in your surroundings!
Nikola seems to burn from within!!!
Nikola is severely wounded.
Nikola is poisoned.
Nikola casts a spell.
Lightning arcs from Nikola's hands!
The bolt of lightning hits you!!!!
A bolt of lightning appears from out of thin air!
The bolt of lightning hits Nikola!
Nikola pulls away from the web.
You hear an angry hiss. x5; You hear a hideous shriek!
You hear an angry hiss.
Unknown command.
Casting: Ignite Poison (safe; 1% risk of failure)
Confirm with . or Enter, or press ? or * to list all spells.
You ignite the poison in your surroundings!
Nikola seems to burn from within!
Nikola is almost dead.
Nikola is poisoned.
A redback comes into view.
Casting: Ignite Poison (safe; 1% risk of failure)
Confirm with . or Enter, or press ? or * to list all spells.
You ignite the poison in your surroundings!
Nikola seems to burn from within!
Nikola is almost dead.
Nikola is poisoned.
The redback is poisoned.
Nikola hits you but does no damage.
You are electrocuted!
Unknown command.
Casting: Ignite Poison (safe; 1% risk of failure)
Confirm with . or Enter, or press ? or * to list all spells.
Your toxic radiance grows in intensity.
Nikola looks even sicker. x2
The redback looks even sicker.
Nikola casts a spell.
Lightning arcs from Nikola's hands!
The bolt of lightning hits you!!!!
Ouch! That really hurt!
You die...
Your body crumbles into a pile of gold.

...^...... #.#
#...#.....####...
................
......#.......
.............### .#.
#...$........ .$.##..$.#@$.#
#.........@$.##### #. .#
.#.............##...
..^##...................
.........[#.............
.......s.<......$...[...
...........##.........#####
###..#....###..#............
#^......##................#
.^#######.........#....^..#


You could see Nikola (very poisoned) and a redback (very poisoned).

Vanquished Creatures
  Arachne (Spider:2)
  An acid blob (Lair:6)
  Gastronok (Lair:2)
  Frances (D:14)
  Kirke (D:12)
  Donald (Spider:2)
  An emperor scorpion (Lair:3)
  A stone giant (Orc:2)
  An entropy weaver (Spider:1)
  Azrael (Orc:2)
  A minotaur (Gauntlet)
  The ghost of Deed the Peltast, a journeyman MiFi of Wu Jian (Lair:3)
  A blizzard demon (Gauntlet)
  Snorg (D:14)
  3 ettins (Orc:2)
  Josephine (D:10)
  Harold (D:7)
  5 hydras
  A catoblepas (Lair:6)
  2 boulder beetles
  An ogre mage (Orc:1)
  3 centaur warriors
  9 two-headed ogres
  10 death yaks (Lair:4)
  A tengu warrior (D:12)
  A goliath frog (Lair:6)
  2 skeletal warriors
  A flayed ghost (D:14)
  A golden dragon skeleton (D:15)
  A wizard (D:9)
  2 necromancers
  A deep elf zephyrmancer (D:14)
  8 orb spiders
  4 orc knights
  2 deep elf pyromancers
  4 lindwurms (D:13)
  2 oklob plants
  11 cyclopes
  14 wolf spiders
  5 manticores
  A moth of wrath (Lair:3)
  2 orc sorcerers
  12 ugly things
  A fire giant zombie (D:15)
  13 elephants
  3 torpor snails
  Joseph (D:7)
  2 black mambas (Lair:6)
  22 cane toads
  Maurice (D:10)
  A kobold demonologist (D:13)
  Maggie (D:7)
  11 komodo dragons
  An efreet (D:10)
  A minotaur zombie (Gauntlet)
  An unseen horror (D:12)
  2 rime drakes
  A rime drake (shapeshifter) (D:13)
  2 tengu conjurers (D:13)
  A freezing wraith (D:9)
  19 jumping spiders
  13 demonic crawlers
  3 tyrant leeches (Lair:6)
  4 polar bears
  6 trolls
  A fire dragon zombie (D:15)
  Grinder (D:6)
  A raiju (Gauntlet)
  35 blink frogs
  20 dream sheep
  5 hornets
  9 slime creatures
  34 redbacks
  7 wraiths
  3 shadows
  5 wyverns
  11 tarantellas
  A vampire (D:14)
  5 spriggans (Lair:3)
  54 yaks
  2 fire elementals (Orc:2)
  4 hogs (D:12)
  Eustachio (D:4)
  2 basilisks
  A steam dragon (D:7)
  12 vampire mosquitoes
  18 water moccasins
  2 wargs
  Duvessa (D:7)
  A human zombie (D:15)
  2 hell hounds (Orc:2)
  2 black bears
  20 orc warriors
  3 ogres
  2 ice beasts
  A sky beast (D:8)
  4 boggarts (D:14)
  5 centaurs
  22 wolves
  3 kobold brigands
  A gnoll sergeant (D:11)
  23 bullfrogs
  Dowan (D:7)
  2 scorpions (D:6)
  A wyvern skeleton (D:6)
  7 killer bees
  2 howler monkeys
  An electric eel (Lair:6)
  2 centaur zombies
  A crimson imp (D:9)
  3 hounds
  2 jellies
  17 orc priests
  6 iguanas
  Natasha (thrice) (D:3)
  20 orc wizards
  2 lightning spires (Gauntlet)
  2 scorpion zombies (D:5)
  A killer bee zombie (D:7)
  A hound skeleton (D:4)
  4 howler monkey zombies
  10 gnolls
  A howler monkey skeleton (D:2)
  4 adders
  3 white imps
  An ufetubus (D:7)
  A worm (D:5)
  3 dart slugs
  58 orcs
  8 ball pythons
  9 bats
  8 endoplasms
  A giant cockroach (D:2)
  6 goblins
  6 hobgoblins
  24 jackals
  6 quokkas
  7 frilled lizards
  13 kobolds
  5 rats
  A bush (Lair:5)
812 creatures vanquished.

Vanquished Creatures (others)
  A vampire (D:14)
  A human (D:12)
  3 bushes
  60 fungi
  198 plants
  10 withered plants (D:15)
273 creatures vanquished.

Grand Total: 1085 creatures vanquished

Notes
Turn   | Place    | Note
-------+----------+-------------------------------------------
     0 | D:1      | MajorAdolf the Naga Wanderer began the quest for the Orb.
     0 | D:1      | MajorAdolf set off with the following items: a +0 club, a
                  | scroll of teleportation, a potion of lignification, a +2
                  | scale mail, a +0 dagger
     0 | D:1      | Reached XP level 1. HP: 21/21 MP: 1/1
   132 | D:1      | Reached XP level 2. HP: 28/28 MP: 2/2
   942 | D:1      | Reached XP level 3. HP: 34/34 MP: 3/3
  1602 | D:2      | Reached XP level 4. HP: 13/42 MP: 4/4
  2266 | D:2      | Found Isyshaox's Distillery.
  2715 | D:3      | Reached skill level 1 in Dodging
  2990 | D:3      | Reached XP level 5. HP: 49/49 MP: 5/5
  3076 | D:3      | Noticed Natasha
  3200 | D:3      | Killed Natasha
  3415 | D:3      | Noticed Natasha
  3427 | D:3      | Killed Natasha
  3481 | D:3      | Noticed Natasha
  3608 | D:3      | Killed Natasha
  4244 | D:4      | Reached XP level 6. HP: 56/56 MP: 6/6
  4494 | D:4      | Learned a level 3 spell: Mephitic Cloud
  4543 | D:4      | Found a stormy altar of Qazlal.
  4934 | D:4      | Found a large runed translucent door.
  4935 | D:4      | Found a large runed translucent door.
  5335 | D:5      | Entered Level 5 of the Dungeon
  5376 | D:4      | Reached skill level 1 in Poison Magic
  5376 | D:4      | Reached XP level 7. HP: 23/62 MP: 7/7
  5686 | D:5      | Reached skill level 1 in Air Magic
  5750 | D:5      | Reached skill level 1 in Conjurations
  5980 | D:5      | Noticed Eustachio
  6073 | D:4      | Reached skill level 5 in Armour
  6073 | D:4      | Reached skill level 1 in Spellcasting
  6301 | D:4      | Killed Eustachio
  6302 | D:4      | Reached skill level 1 in Short Blades
  6302 | D:4      | Reached skill level 2 in Poison Magic
  6555 | D:5      | Reached XP level 8. HP: 49/72 MP: 10/10
  7419 | D:6      | Found Zaonas's CLEARANCE SALE! EVERYTHING MUST GO!.
  7462 | D:6      | Reached skill level 3 in Poison Magic
  7808 | D:6      | Found Famnoicoh's Weapon Boutique.
  8180 | D:6      | Noticed Grinder
  8196 | D:6      | Paralysed by Grinder for 5 turns
  8203 | D:6      | Paralysed by Grinder for 2 turns
  8206 | D:6      | Killed Grinder
  8710 | D:6      | Found a glowing golden altar of the Shining One.
  8711 | D:6      | Found a bloodstained altar of Trog.
  8712 | D:6      | Found a sparkling altar of Nemelex Xobeh.
  8713 | D:6      | Found a shimmering blue altar of Sif Muna.
  8771 | D:6      | Found a staircase to the Ecumenical Temple.
  8921 | D:6      | Reached skill level 4 in Poison Magic
  8921 | D:6      | Reached XP level 9. HP: 37/79 MP: 12/12
 10385 | D:7      | Noticed Joseph
 10671 | D:7      | Killed Joseph
 10672 | D:7      | Reached skill level 5 in Fighting
 11183 | D:7      | Noticed Maggie
 11205 | D:7      | Killed Maggie
 11769 | D:7      | Got the Papyrus of Sinister Transmutation
 11830 | D:7      | Noticed Harold
 11835 | D:7      | Reached skill level 5 in Poison Magic
 12124 | D:7      | Killed Harold
 12125 | D:7      | Reached XP level 10. HP: 59/91 MP: 15/15
 12391 | D:7      | Noticed Dowan
 12634 | D:7      | Noticed Duvessa
 12650 | D:7      | Killed Duvessa
 12657 | D:7      | Killed Dowan
 13322 | D:8      | Reached skill level 5 in Short Blades
 13322 | D:8      | Reached skill level 5 in Dodging
 13322 | D:8      | Reached skill level 5 in Spellcasting
 13322 | D:8      | Reached skill level 5 in Conjurations
 13322 | D:8      | Reached skill level 5 in Air Magic
 13322 | D:8      | Reached skill level 7 in Poison Magic
 13322 | D:8      | Reached XP level 11. HP: 83/99 MP: 15/18
 13998 | D:8      | Found a staircase to the Lair.
 14144 | Temple   | Entered the Ecumenical Temple
 14309 | Temple   | Became a worshipper of Gozag Ym Sagoz the Greedy
 14611 | D:2      | Bought a potion of berserk rage for 65 gold pieces
 14611 | D:2      | Bought a potion of heal wounds for 65 gold pieces
 14709 | D:6      | Bought a potion of lignification for 18 gold pieces
 15033 | D:8      | Identified a scroll of acquirement
 15033 | D:8      | Acquired the +6 chain mail of Agnosticism {Will+ Regen+
                  | rCorr Str-3}
 15791 | D:9      | Identified the ring "Gamufonk" {Int+7 Dex+6}
 15897 | D:9      | Reached skill level 8 in Poison Magic
 16035 | D:9      | Noticed a two-headed ogre
 16048 | D:9      | Killed a two-headed ogre
 16168 | D:9      | Noticed a wizard
 16184 | D:9      | Killed a wizard
 16592 | D:10     | Entered Level 10 of the Dungeon
 16594 | D:10     | Noticed a centaur warrior
 16689 | D:10     | Noticed Josephine
 16770 | D:9      | Reached XP level 12. HP: 98/109 MP: 20/20
 17070 | D:10     | Noticed Maurice
 17093 | D:10     | Killed Maurice
 17129 | D:10     | Found a hazy altar of Hepliaklqana.
 17296 | D:10     | Killed a centaur warrior
 17509 | D:10     | Killed Josephine
 18151 | D:10     | Learned a level 3 spell: Ignite Poison
 18386 | D:10     | Reached skill level 9 in Poison Magic
 18444 | D:11     | Noticed a two-headed ogre
 18444 | D:11     | Noticed a two-headed ogre
 18566 | D:10     | Killed a two-headed ogre
 18658 | D:10     | Killed a two-headed ogre
 18659 | D:10     | Reached skill level 1 in Fire Magic
 19113 | D:11     | Found Sessae's Profane Products.
 19173 | D:11     | Found a transporter.
 19265 | D:11     | Found a transporter.
 19674 | D:12     | Noticed a centaur warrior
 19700 | D:12     | Killed a centaur warrior
 19935 | D:12     | Gained mutation: You can use your snake-like lower body to
                  | constrict enemies. [Naga growth]
 19935 | D:12     | Reached XP level 13. HP: 99/117 MP: 8/22
 19937 | D:12     | Noticed Kirke
 19950 | D:12     | Killed Kirke
 20126 | D:12     | Found a staircase to the Orcish Mines.
 21921 | Lair:1   | Entered Level 1 of the Lair of Beasts
 22350 | Lair:1   | Reached skill level 10 in Poison Magic
 23304 | Lair:2   | Noticed Gastronok
 23440 | Lair:2   | Killed Gastronok
 24150 | Lair:2   | Reached XP level 14. HP: 121/129 MP: 24/24
 24533 | Lair:3   | Found a transporter.
 24534 | Lair:3   | Found a staircase to the Swamp.
 24547 | Lair:3   | Noticed Deed's ghost (journeyman MiFi)
 24602 | Lair:3   | Found a hole to the Spider Nest.
 24606 | Lair:3   | Reached skill level 1 in Shields
 24826 | Lair:3   | Found a transporter.
 24833 | Lair:3   | Found a bloodstained altar of Trog.
 25384 | Lair:4   | Reached skill level 5 in Transmutations
 26652 | Lair:4   | Bought a potion of berserk rage for 150 gold pieces
 26652 | Lair:4   | Bought a shiny helmet for 225 gold pieces
 26652 | Lair:4   | Bought a potion of heal wounds for 150 gold pieces
 26652 | Lair:4   | Bought a scroll of teleportation for 90 gold pieces
 26735 | Lair:5   | Reached skill level 5 in Fire Magic
 27732 | Lair:5   | Reached XP level 15. HP: 65/138 MP: 27/27
 28060 | Lair:6   | Entered Level 6 of the Lair of Beasts
 28316 | Lair:6   | Reached skill level 10 in Fighting
 29629 | Lair:6   | Bought a scroll of magic mapping for 35 gold pieces
 29629 | Lair:6   | Bought a scroll of holy word for 75 gold pieces
 29867 | Lair:6   | Learned a level 4 spell: Olgreb's Toxic Radiance
 30363 | Lair:6   | Found a runed translucent door.
 30363 | Lair:6   | Found a viscous altar of Jiyva.
 30363 | Lair:6   | Noticed an acid blob
 30364 | Lair:6   | Found a staircase to the Slime Pits.
 30548 | Lair:6   | Got The Almanac of Greatest Risks and Utility
 30549 | Lair:6   | Identified the +1 chain mail of Quantum Leap {rElec rF+
                  | Str+2}
 30612 | Lair:6   | Killed an acid blob
 30846 | Lair:3   | Killed Deed's ghost
 30983 | Lair:3   | Identified the amulet "Xajubeh" {Spirit rF++}
 31230 | Orc:1    | Entered Level 1 of the Orcish Mines
 32033 | Orc:2    | Entered Level 2 of the Orcish Mines
 32332 | Orc:2    | Reached XP level 16. HP: 148/148 MP: 20/29
 32519 | Orc:2    | Found Hata's Antique Armour Shop.
 32532 | Orc:2    | Bought a shimmering leather armour for 224 gold pieces
 32532 | Orc:2    | Identified the +2 leather armour "Sont" {rF- rN+ rCorr}
                  | (You bought it in a shop on level 2 of the Orcish Mines)
 32763 | Orc:2    | Found Xoylurib's Jewellery Boutique.
 32859 | Orc:2    | Bought a ring of protection from fire for 350 gold pieces
 32859 | Orc:2    | Bought a ring of protection from cold for 350 gold pieces
 33129 | Orc:2    | Noticed Azrael
 33145 | Orc:2    | Killed Azrael
 33219 | Orc:2    | Found Xaghy's General Store.
 33228 | Orc:2    | Bought a scroll of teleportation for 36 gold pieces
 33228 | Orc:2    | Bought a scroll of enchant weapon for 90 gold pieces
 33228 | Orc:2    | Bought a wand of iceblast (10) for 168 gold pieces
 33228 | Orc:2    | Bought a potion of invisibility for 96 gold pieces
 33398 | Orc:2    | Found a staircase to the Elven Halls.
 33441 | Orc:2    | Found Tistripto's Antique Weapon Boutique.
 33734 | D:13     | Reached skill level 5 in Shields
 33954 | D:13     | You fall into a shaft and drop 1 floor!
 33956 | D:14     | Noticed Snorg
 33973 | D:14     | Killed Snorg
 33974 | D:14     | Reached skill level 11 in Poison Magic
 34058 | D:14     | Reached skill level 10 in Short Blades
 34058 | D:14     | Reached skill level 10 in Armour
 34298 | D:14     | Found a gate to the Vaults.
 34410 | D:14     | Noticed Frances
 34580 | D:14     | Killed Frances
 34793 | D:15     | Entered Level 15 of the Dungeon
 34861 | D:15     | Found a gate leading to a gauntlet.
 34861 | D:15     | Found a staircase to the Depths.
 34876 | Gauntlet | Entered a Gauntlet
 34876 | Gauntlet | Found a transporter.
 34906 | Gauntlet | Found a transporter.
 34907 | Gauntlet | Found a transporter.
 34912 | Gauntlet | Found a transporter.
 34919 | Gauntlet | Found a transporter.
 34919 | Gauntlet | Found a transporter.
 34922 | Gauntlet | Found a transporter.
 34925 | Gauntlet | Found a transporter.
 34948 | Gauntlet | Found a transporter.
 34948 | Gauntlet | Found a transporter.
 34956 | Gauntlet | Found a transporter.
 34986 | Gauntlet | Found a transporter.
 35165 | Gauntlet | Identified the +1 pair of gloves "Mikan" {+Inv Fly Str+8
                  | Int-3}
 35200 | Gauntlet | Identified the +0 hat "Ylaonlad" {rElec}
 35237 | Gauntlet | Identified the +1 pair of gloves of Rainlud {+Inv rN+
                  | Str+3}
 35264 | Gauntlet | Identified the +2 ice dragon scales "Nomuda" {+Blink rF-
                  | rC++ Str-3 Int+6 Stlth+}
 35323 | Gauntlet | Gained mutation: You expend magic power (3 MP) to
                  | strengthen your wands. [potion of mutation]
 35323 | Gauntlet | Gained mutation: Your movements are slightly less
                  | encumbered by armour. (ER -2) [potion of mutation]
 35323 | Gauntlet | Gained mutation: You can exhale a cloud of poison. [potion
                  | of mutation]
 35850 | D:14     | Bought a faintly humming buckler for 237 gold pieces
 35850 | D:14     | Identified the +0 buckler of Grot {Rampage} (You bought it
                  | in a shop on level 14 of the Dungeon)
 36920 | D:13     | Found the +6 Majin-Bo {vamp, MP+6 Int+6}
 36965 | D:13     | Got Sif Muna's Collected Works on the Escort and Curses
 36972 | D:13     | Identified the +6 leather armour of Awe {rElec}
 37302 | D:13     | Got the Guide on Unstable Feathers
 37599 | Spider:1 | Entered Level 1 of the Spider Nest
 38080 | Spider:1 | Reached XP level 17. HP: 124/157 MP: 10/30
 39422 | Spider:1 | Reached skill level 10 in Spellcasting
 40391 | Spider:2 | Noticed Donald
 40396 | Spider:1 | Reached skill level 12 in Poison Magic
 40439 | Spider:2 | Noticed Arachne
 40443 | Spider:2 | Killed Donald
 40443 | Spider:2 | Noticed Nikola
 40724 | Spider:2 | Killed Arachne
 40977 | Spider:2 | Killed from afar by Nikola

Illustrated notes

Levels and vault maps discovered:
D:1:      dpeg_arrival_leaves_temple_mockup, layout_basic
D:2:      layout_loops_ring, serial_shops, shop, minmay_misc_feat_pillars,
          corexii_leaking_fountain
D:3:      minmay_angry_zag, layout_loops_ring, minmay_distorted, uniq_natasha
D:4:      layout_loops_cross, old_standard_altar, jmf_multi_god_temple2,
          minmay_crystal_room
D:5:      layout_rooms, uniq_eustachio
D:6:      layout_loops_cross, mainiacjoe_overflow_alcove_3,
          minmay_temple_entry_enclosed_plants, serial_co_window_serial,
          co_window_of_opportunity_a, co_window_paths_b,
          co_window_of_opportunity_a, co_window_of_opportunity_a,
          co_window_paths_a, co_window_paths_a, co_window_cross_1,
          co_window_paths_a, co_window_paths_a, co_window_of_opportunity_b,
          co_window_of_opportunity_b, co_window_broadway_a, co_window_paths_d,
          glass_columns_c, glass_columns_a, serial_shops, shop, minivault_27,
          chequers_jeans, nicolae_shop_clearance, uniq_grinder
D:7:      layout_layer_cave, uniq_harold, uniq_maggie, uniq_joseph, uniq_duvessa
D:8:      layout_basic, minmay_lair_entry_grove
D:9:      layout_roguey, lightli_wizard_tower
D:10:     layout_long_grid, nicolae_hepliaklqana_hazy_memory, uniq_josephine,
          uniq_maurice
D:11:     gammafunk_worm_tunnel, layout_long_grid, nicolae_evil_shop
D:12:     layout_long_grid, david_orc_5, uniq_kirke
D:13:     layout_cave_pods, minmay_lindwurm_lava
D:14:     layout_roguey, david_vaults_1, chequers_serial_rivers_large_a,
          uniq_frances, uniq_snorg
D:15:     gammafunk_depths_entry_grave, layout_loops_cross,
          gauntlet_entry_generic
Temple:   eino_narrow_crystal_temple
Lair:1:   layout_cave_pods
Lair:2:   layout_chaotic_city, grunt_megastairs_5, minmay_lair_oklob_chamber,
          uniq_gastronok
Lair:3:   layout_regular_city, swamp_mist_pool,
          nicolae_spider_entry_orb_guardian, serial_rivers,
          chequers_serial_rivers_large_b, chequers_serial_rivers_micro_e,
          chequers_serial_rivers_small_b, chequers_serial_rivers_micro_e,
          gammafunk_ghost_wrathful_warriors
Lair:4:   layout_roguey, beast_lair_carwin_8
Lair:5:   layout_regular_city, serial_forest, infiniplex_forest_lined_corner,
          infiniplex_forest_clump_small, infiniplex_forest_pool,
          infiniplex_forest_straight_5, infiniplex_forest_clump_double,
          infiniplex_forest_lined_room_2, infiniplex_forest_clump_large,
          infiniplex_forest_zigzag_2, infiniplex_forest_straight_5,
          chequers_serial_rivers_micro_d, ldierk_geyser
Lair:6:   minmay_lair_end_frog_pond, layout_long_grid, slime_altar_2,
          chequers_serial_rivers_small_3
Spider:1: layout_spider_delve, drop_trap, worms_lemuel
Spider:2: layout_spider_delve, uniq_roxanne, uniq_arachne, uniq_donald,
          uniq_nikola
Orc:1:    layout_caves
Orc:2:    grunt_orc_gardens, layout_diamond_mine, grunt_orc_garden,
          grunt_orc_garden, grunt_orc_garden, grunt_orc_garden, uniq_azrael

Skill      XL: |  1  2  3  4  5  6  7  8  9 10 11 12 13 14 15 16 17 |
---------------+----------------------------------------------------+-----
Armour         | 2 3 4 5 6 7 8 9 10 | 10.6
Dodging        | 1 2 3 4 5 6 7 8 9 |  9.5
Poison Magic   | 1 2 4 5 7 8 9 10 11 12 | 12.2
Air Magic      | 1 3 4 5 6 7 8 |  8.0
Conjurations   | 1 2 4 5 6 7 8 |  8.0
Spellcasting   | 1 2 3 5 6 7 8 9 10 | 10.1
Short Blades   | 1 2 4 5 6 7 8 9 10 | 10.0
Fighting       | 4 5 6 7 8 9 10 11 | 11.6
Fire Magic     | 2 4 5 6 7 |  7.8
Transmutations | 3 4 6 7 |  7.9
Shields        | 3 4 5 6 |  6.3
Stealth        | |  3.0
Necromancy     | |  1.0

Action                   |  1- 3 |  4- 6 |  7- 9 | 10-12 | 13-15 | 16-18 || total
-------------------------+-------+-------+-------+-------+-------+-------++-------
Melee: Club              |    14 |       |       |       |       |       ||    14
       Dagger            |   133 |   223 |   336 |   631 |  1225 |   890 ||  3438
       Constrict         |       |       |       |       |   202 |    51 ||   253
       Staff             |       |       |       |       |       |    16 ||    16
 Cast: Mephitic Cloud    |       |       |       |    59 |    96 |    31 ||   186
       Ignite Poison     |       |       |       |     7 |    69 |    88 ||   164
       Olgreb's Toxic Ra |       |       |       |       |    18 |    69 ||    87
Invok: Potion Petition   |       |       |       |     1 |       |       ||     1
       Call Merchant     |       |       |       |       |     3 |     1 ||     4
 Abil: Spit Poison       |    33 |     3 |    12 |     9 |     1 |       ||    58
       Breathe Poison Ga |       |       |       |       |       |     9 ||     9
Evoke: Wand              |       |       |       |       |       |     9 ||     9
  Use: Potion            |       |       |     3 |     3 |       |     5 ||    11
       Scroll            |       |       |     1 |    15 |     9 |     7 ||    32
 Stab: Confused          |       |       |       |    38 |    42 |     9 ||    89
       Distracted        |       |       |       |     1 |     5 |     1 ||     7
       Held in net/web   |       |       |       |       |       |     2 ||     2
Armor: Scale mail        |    98 |   133 |   205 |    69 |       |       ||   505
       Skin              |       |       |     6 |       |       |       ||     6
       Chain mail        |       |       |       |   290 |   688 |   603 ||  1581
Dodge: Dodged            |    77 |    92 |   131 |   185 |   355 |   414 ||  1254
Block: Other             |       |       |       |       |   185 |    38 ||   223
       Reflection        |       |       |       |       |     1 |     2 ||     3
       Buckler           |       |       |       |       |       |   384 ||   384
